 Dungeon Crawl Stone Soup version 0.31-a0-844-gdc52ec4e09 (webtiles) character file.

Game seed: 4468622952113413299

374 Kurtz the Chopper (level 6, -5/42 HPs)
             Began as an Octopode Fighter on Sept 30, 2023.
             Slain by an orc wizard
             ... wielding a +0 halberd
              (7 damage)
             ... on level 4 of the Dungeon.
             The game lasted 00:02:04 (3155 turns).

Kurtz the Chopper (Octopode Fighter)                Turns: 3155, Time: 00:02:06

Health: -5/42      AC:  1    Str: 18    XL:     6   Next: 72%
Magic:  6/6        EV: 15    Int: 10    God:
Gold:   179        SH:  4    Dex: 11    Spells: 5/5 levels left

rFire   . . .        a - +0 war axe
rCold   + . .        b - +0 buckler
rNeg    . . .        (helmet restricted)
rPois   .            h - amulet of faith
rElec   .            t - +5 ring of evasion
rCorr   .            i - ring of protection from cold
SInv    .            (no ring)
Will    .....        (no ring)
Stlth   ++           (no ring)
HPRegen 0.27/turn    (no ring)
MPRegen 0.10/turn    (no ring)
                     (no ring)

%: faith
@: brilliant, lethally poisoned (-5 -> -6), constricted
A: almost no armour, amphibious, 8 rings, camouflage 1, gelatinous body 1,
(nimble swimmer 1), tentacles
a: no special abilities


You were on level 4 of the Dungeon.
You visited 1 branch of the dungeon, and saw 4 of its levels.

You collected 179 gold pieces.

Inventory:

Hand Weapons
 a - a +0 war axe (weapon)
Missiles
 q - 4 poisoned darts (quivered)
 r - 5 curare-tipped darts
Armour
 b - a +0 buckler (worn)
Jewellery
 h - an amulet of faith (around mantle)
 i - a ring of protection from cold (right tentacle)
 t - a +5 ring of evasion (left tentacle)
Wands
 l - a wand of light (10)
Scrolls
 e - 2 scrolls of acquirement {unknown}
 j - a scroll of teleportation {unknown}
 k - 7 scrolls of identify {unknown}
 m - a scroll of brand weapon {unknown}
 n - 2 scrolls of vulnerability {unknown}
 p - 2 scrolls of amnesia {unknown}
 s - a scroll of noise {unknown}
Potions
 c - a potion of might
 d - a potion of brilliance
 f - a potion of heal wounds {unknown}
 g - 4 potions of mutation {unknown}
 o - a potion of lignification {unknown}


   Skills:
 - Level 3.0 Fighting
 * Level 7.0 Axes
 - Level 3.0 Dodging
 - Level 3.0 Shields


You had 5 spell levels left.
You didn't know any spells.
Your spell library was empty.

Dungeon Overview and Level Annotations

Branches:
Dungeon (4/15)
 Temple: D:4-7

Altars:
Fedhas

Shops:
D:4 =


Innate Abilities, Weirdness & Mutations

You cannot wear most types of armour.
You are amphibious.
You can wear up to eight rings at the same time.
Your skin changes colour to match your surroundings (Stealth+).
Your rubbery body absorbs attacks. (AC +1, EV +1)
((You are camouflaged when in or above water. (Stealth+)))
You have tentacles for arms and can constrict up to eight enemies at once.


Message History

The orc wizard flickers and vanishes!
You hit something. Something hits you.
Unknown command.
You barely miss something. Your squeeze misses something.
You hear some strange, mumbled words.
Something tries to affect you, but you resist.
Something hits you.
Unknown command.
You slash something!
Reactivating autopickup.
You feel a bit more experienced. The adder bites you but does no damage.
You barely miss the adder. You grab the adder. You constrict the adder.
The adder bites you.
You are poisoned.
The adder poisons you! The adder completely misses you.
You slash the adder!
You kill the adder!
You feel sick.
Your Axes skill increases to level 7!
You closely miss the ball python. Your grab misses the ball python.
You feel sick. The ball python barely misses you.
The ball python closely misses you. Something barely misses you.
The ball python misses you. The ball python grabs you.
The ball python constricts you.
You completely miss the ball python. Your grab misses the ball python.
Your squeeze misses the ball python.
You feel sick. Something hits you!
Deactivating autopickup; reactivate with Ctrl-A.
The ball python closely misses you. The ball python constricts you.
Something hits you!
* * * LOW HITPOINT WARNING * * *
You are too injured to fight recklessly!
Unknown command.
You are too injured to fight recklessly!
It was a potion of brilliance.
You feel clever all of a sudden.
You feel sick. The ball python completely misses you.
The ball python constricts you.
* * * LOW HITPOINT WARNING * * *
Something hits you!
You die...

#........#.######
#.).............?
#.........######
#..........#####
#........#.....#
#........##....#
#........##∩...##
........##....†###.#
...)....##.....@SKo#
#######
#....###{...# #....#
>..?. #....# ....
#....# ... ###### ..
.


You could see an orc, a ball python and a kobold.

Vanquished Creatures
  A black bear (D:3)
  A hound (D:4)
  An iguana (D:4)
  Natasha (twice) (D:2)
  An orc wizard (D:4)
  6 adders
  3 worms
  3 dart slugs
  6 orcs
  8 ball pythons
  5 bats
  6 endoplasms
  4 giant cockroaches
  6 goblins
  6 hobgoblins
  3 jackals (D:2)
  9 kobolds
  A quokka (D:4)
  2 frilled lizards
  6 rats
80 creatures vanquished.

Notes
Turn   | Place    | Note
-------+----------+-------------------------------------------
     0 | D:1      | Kurtz the Octopode Fighter began the quest for the Orb.
     0 | D:1      | Reached XP level 1. HP: 16/16 MP: 1/1
   156 | D:1      | Reached XP level 2. HP: 18/21 MP: 2/2
   287 | D:1      | Reached skill level 3 in Axes
   718 | D:1      | Reached XP level 3. HP: 22/26 MP: 3/3
  1092 | D:2      | Noticed Natasha
  1102 | D:2      | Killed Natasha
  1103 | D:2      | Reached skill level 4 in Axes
  1103 | D:2      | Reached XP level 4. HP: 3/31 MP: 4/4
  1359 | D:3      | Noticed a black bear
  1368 | D:3      | Killed a black bear
  1369 | D:3      | Reached skill level 5 in Axes
  1369 | D:3      | Reached XP level 5. HP: 5/36 MP: 5/5
  1857 | D:2      | Noticed Natasha
  1862 | D:2      | Killed Natasha
  1867 | D:2      | Reached skill level 6 in Axes
  1869 | D:2      | Reached XP level 6. HP: 25/42 MP: 6/6
  1948 | D:2      | Found a blossoming altar of Fedhas.
  3126 | D:4      | Found Soetivab's Jewellery Emporium.
  3153 | D:4      | Reached skill level 7 in Axes
  3155 | D:4      | HP: 2/42 [constriction (1)]
  3155 | D:4      | Slain by an orc wizard

Illustrated notes

Levels and vault maps discovered:
D:1:      dpeg_arrival_brainrot, layout_basic, serial_bayou_pond_a,
          minmay_octomino_e4
D:2:      layout_basic, basic_altar, uniq_natasha
D:3:      layout_rooms, minmay_joined_circles
D:4:      layout_basic, tso_metal_star, minmay_shop_enchanted_jewellery

Skill      XL: |  1  2  3  4  5  6 |
---------------+-------------------+-----
Axes           | 3 4 5 6 7 |  7.0
Fighting       | |  3.0
Dodging        | |  3.0
Shields        | |  3.0

Action                     |  1- 3 |  4- 6 || total
---------------------------+-------+-------++-------
  Melee: War axe           |    42 |   115 ||   157
         Constrict         |    11 |    25 ||    36
         Tentacles         |     6 |    23 ||    29
         Punch             |     1 |     1 ||     2
    Use: Potion            |       |     1 ||     1
   Stab: Sleeping          |     1 |     6 ||     7
 Armour: Skin              |    19 |    49 ||    68
  Dodge: Dodged            |    31 |    81 ||   112
  Block: Buckler           |     6 |    14 ||    20

Table legend: (Time is in decaauts)
 A = Elapsed time spent in this place.
 B = Non-inter-level travel time spent in this place.
 C = Inter-level travel time spent in this place.
 D = Time resting spent in this place.
 E = Time spent auto-exploring this place.
 F = Levels seen in this place.
 G = Mean time per level.
                   A        B        C        D        E       F      G
               +--------+--------+--------+--------+--------+-----+--------+
         Total |   3199 |   3024 |    175 |    202 |   2327 |   4 |  799.8 |
       Dungeon |   3199 |   3024 |    175 |    202 |   2327 |   4 |  799.8 |
               +--------+--------+--------+--------+--------+-----+--------+

Top non-repeatable levels by time:
     D:2: 1180 daAuts
     D:1: 1095 daAuts
     D:3: 651 daAuts
     D:4: 271 daAuts
